 Dungeon Crawl Stone Soup version 0.29-a0-284-gf9362112df (webtiles) character file.

Game seed: 10603866825488417827

539 garrulousMonolith the Chopper (level 7, -9/60 HPs)
             Began as a Hill Orc Fighter on Mar 25, 2022.
             Mangled by an ogre
             ... wielding a +0 giant club
              (31 damage)
             ... on level 5 of the Dungeon.
             The game lasted 00:03:33 (3774 turns).

garrulousMonolith the Chopper (Hill Orc Fighter)    Turns: 3774, Time: 00:03:33

Health: -9/60      AC: 14    Str: 19    XL:     7   Next: 26%
Magic:  9/9        EV:  7    Int: 10    God:
Gold:   141        SH:  4    Dex: 10    Spells: 6/6 levels left

rFire   . . .      SeeInvis .   a - +0 broad axe
rCold   . . .      Faith    .   c - +0 buckler
rNeg    . . .      Spirit   .   g - +0 chain mail
rPois   .          Reflect  .   (no helmet)
rElec   .          Harm     .   (no cloak)
rCorr   .          Rampage  .   (no gloves)
Will    .....                   j - +0 pair of boots
Stlth   ..........              (no amulet)
HPRegen 0.20/turn               w - +4 ring of protection
MPRegen 0.11/turn               (no ring)

@: no status effects
A: no striking features
a: no special abilities


You were on level 5 of the Dungeon.
You visited 1 branch of the dungeon, and saw 5 of its levels.

You collected 201 gold pieces.
You spent 60 gold pieces at shops.

Inventory:

Hand Weapons
 a - a +0 broad axe (weapon)
 o - a +0 halberd
 s - a +0 hunting sling
Missiles
 e - 2 poisoned darts (quivered)
 q - 2 curare-tipped darts
Armour
 c - a +0 buckler (worn)
 g - a +0 chain mail (worn)
 j - a +0 pair of boots (worn)
Jewellery
 w - a +4 ring of protection (left hand)
Scrolls
 b - a scroll of enchant weapon {unknown}
 h - a scroll of noise {unknown}
 i - 2 scrolls of fog
 l - 2 scrolls of teleportation {unknown}
 p - a scroll of holy word {unknown}
 r - a scroll of immolation {unknown}
 t - 2 scrolls of summoning {unknown}
 u - a scroll of identify
 v - 2 scrolls of fear {unknown}
Potions
 d - a potion of might
 f - 2 potions of haste
 k - a potion of attraction
 m - a potion of degeneration {unknown}
 n - 2 potions of curing {unknown}


   Skills:
 + Level 4.9 Fighting
 * Level 5.8 Axes
 + Level 4.4 Armour
 + Level 1.9 Dodging
 + Level 4.5 Shields
 + Level 3.5 Invocations


You had 6 spell levels left.
You didn't know any spells.
Your spell library contained the following spells:

 Spells                   Type           Power      Damage    Failure   Level
 Freeze                   Ice            0%         1d3       99%         1
 Slow                     Hex            0%         N/A       99%         1
 Confusing Touch          Hex            0%         N/A       100%        3
 Frozen Ramparts          Ice            0%         1d2       100%        3
 Vampiric Draining        Necr           0%         2d6       100%        3
 Hailstorm                Conj/Ice       0%         3d3       100%        4


Dungeon Overview and Level Annotations

Branches:
Dungeon (5/15)
 Temple: D:4-7

Altars:
Fedhas
Okawaru

Shops:
D:2 (   D:3 (

Annotations:
D:3 exclusion: oklob plant


Message History

You slash the ogre!
The ogre is heavily wounded.
You block the ogre's attack.
You hit the ogre.
The ogre is heavily wounded.
The ogre closely misses you.
You barely miss the ogre.
The ogre is heavily wounded.
You block the ogre's attack.
You slash the ogre!
The ogre is almost dead.
You block the ogre's attack.
You slash the ogre!
You kill the ogre!
No target in view!
No target in view!
You now have 141 gold pieces (gained 9).
Things that are here:
a +0 giant spiked club; an ogre corpse An ogre comes into view.
It is wielding a +0 giant club.
The ogre shouts!
An ogre is nearby!
You block the ogre's attack.
You hit the ogre.
The ogre is lightly wounded.
The ogre hits you with a +0 giant club!!
You are too injured to fight recklessly!
You are too injured to fight recklessly!
You hit the ogre.
The ogre is lightly wounded.
You barely miss the ogre.
The ogre is lightly wounded.
The ogre hits you with a +0 giant club!!
A shadow imp comes into view.
The shadow imp shouts!
You slash the ogre!
The ogre is severely wounded.
The ogre hits you with a +0 giant club!!
Ouch! That really hurt!
You die...

5.. ... #.#
#.# ... #.#
#O# #@#
#########.#
..........##
#####.)...####
#............
#.##.<...####
.. #.....# .#
#......#
#.#...##


You could see an ogre and a shadow imp.

Vanquished Creatures
  A black bear (D:3)
  An ogre (D:5)
  A phantom (D:4)
  2 scorpions (D:4)
  4 adders
  3 gnolls (D:3)
  3 worms
  2 dart slugs
  5 orcs (D:3)
  7 ball pythons
  8 bats
  6 endoplasms
  A giant cockroach (D:1)
  5 hobgoblins
  8 jackals (D:1)
  3 kobolds (D:2)
  3 quokkas
  5 frilled lizards
  6 goblins
  4 rats (D:1)
78 creatures vanquished.

Vanquished Creatures (others)
  16 toadstools (D:3)
16 creatures vanquished.

Grand Total: 94 creatures vanquished

Notes
Turn   | Place    | Note
-------+----------+-------------------------------------------
     0 | D:1      | garrulousMonolith the Hill Orc Fighter began the quest for
                  | the Orb.
     0 | D:1      | Reached XP level 1. HP: 19/19 MP: 1/1
   266 | D:1      | Reached skill level 3 in Axes
   266 | D:1      | Reached XP level 2. HP: 25/27 MP: 2/2
   471 | D:1      | Reached skill level 1 in Invocations
   680 | D:1      | Reached XP level 3. HP: 32/33 MP: 3/3
  1091 | D:1      | Found a faded altar of an unknown god.
  1167 | D:2      | Found an iron altar of Okawaru.
  1199 | D:2      | Found Layb's Antique Weapon Boutique.
  1369 | D:2      | Reached XP level 4. HP: 40/40 MP: 5/5
  1647 | D:2      | Reached skill level 4 in Axes
  1959 | D:3      | Found Vapraol's Antique Weapon Boutique.
  1967 | D:3      | Bought a broad axe for 60 gold pieces
  2068 | D:3      | Noticed a black bear
  2080 | D:3      | Killed a black bear
  2081 | D:3      | Reached skill level 1 in Dodging
  2081 | D:3      | Reached XP level 5. HP: 25/47 MP: 6/6
  2290 | D:3      | Found a blossoming altar of Fedhas.
  2302 | D:3      | Noticed an oklob plant
  2562 | D:3      | Reached XP level 6. HP: 48/53 MP: 8/8
  2986 | D:4      | Reached skill level 5 in Axes
  3409 | D:4      | Reached XP level 7. HP: 43/60 MP: 9/9
  3757 | D:5      | Entered Level 5 of the Dungeon
  3774 | D:5      | Mangled by an ogre

Illustrated notes

Levels and vault maps discovered:
D:1:      minmay_arrival_four_circles, layout_basic,
          hellmonk_ecumenical_altar_pennies_from_heaven
D:2:      layout_rooms, basic_altar, serial_shops, nicolae_shop_trees,
          dk_vineyard_2, minmay_misc_feat_rows
D:3:      layout_basic, tgw_fedhas, serial_shops, nicolae_shop_stone
D:4:      layout_rooms
D:5:      layout_loops_corners, trog_three_pillars_becter

Skill      XL: |  1  2  3  4  5  6 |
---------------+-------------------+-----
Axes           | 3 4 5 |  5.8
Invocations    | 1 2 3 |  3.5
Fighting       | 4 |  4.9
Armour         | 4 |  4.4
Dodging        | 1 |  1.9
Shields        | 4 |  4.5

Action                   |  1- 3 |  4- 6 |  7- 9 || total
-------------------------+-------+-------+-------++-------
Melee: War axe           |   138 |    59 |       ||   197
       Broad axe         |       |    62 |    10 ||    72
Throw: Dart              |       |     3 |       ||     3
  Use: Scroll            |       |     3 |       ||     3
Armor: Scale mail        |     2 |       |       ||     2
       Chain mail        |   106 |    87 |     1 ||   194
Dodge: Dodged            |    38 |    51 |     1 ||    90
Block: Buckler           |    35 |    29 |     4 ||    68

Table legend: (Time is in decaauts)
 A = Elapsed time spent in this place.
 B = Non-inter-level travel time spent in this place.
 C = Inter-level travel time spent in this place.
 D = Time resting spent in this place.
 E = Time spent auto-exploring this place.
 F = Levels seen in this place.
 G = Mean time per level.
                   A        B        C        D        E       F      G
               +--------+--------+--------+--------+--------+-----+--------+
         Total |   3873 |   3704 |    169 |    198 |   2771 |   5 |  774.6 |
       Dungeon |   3873 |   3704 |    169 |    198 |   2771 |   5 |  774.6 |
               +--------+--------+--------+--------+--------+-----+--------+

Top non-repeatable levels by time:
     D:3: 1199 daAuts
     D:1: 1193 daAuts
     D:4: 776 daAuts
     D:2: 684 daAuts
     D:5: 19 daAuts
